AoeStats
← Robert Hatemo

Arabia

510349612Analyzed
1v1 RM · 2d ago on Sep 30, 2026· 38m 2s· 2 players
Game mode
Random Map
Map size
Tiny (2 player)
Population
200
Speed
Normal
Resources
Standard
Victory
Conquest
Starting age
Dark Age
Ending age
Imperial Age
RankedLock teamsTeams togetherTeam positionsShared explorationLock speedFull tech treeHidden civsTurbo modeCheats
Victory
Defeat
🇦🇷 Poles · Argentina
1147
+17
🇹🇷 Bengalis · Türkiye
1175
-17
sbbta
5:42 Loom
9:43 Feudal Age
10:26 Double-Bit Axe
13:32 Man-at-Arms
14:53 Arson
21:22 Castle Age
20:03 Horse Collar
20:18 Stone Mining
20:21 Gold Mining
21:18 Bloodlines
21:36 Scale Barding Armor
23:36 Bow Saw
24:14 Chain Barding Armor
25:05 Forging
28:06 Iron Casting
29:05 Szlachta Privileges
32:11 Heavy Plow
32:14 Husbandry
Robert Hatemo
7:57 Loom
11:35 Feudal Age
15:58 Castle Age
19:09 Double-Bit Axe
20:40 Horse Collar
22:16 Bow Saw
23:24 Fletching
24:31 Gold Mining
26:16 Town Watch
27:10 Wheelbarrow
28:52 Bodkin Arrow
28:57 Padded Archer Armor
30:55 Ballistics
33:04 Leather Archer Armor
36:30 Imperial Age
34:20 Hand Cart
Connection lost

Rejoining the realm…

Still unreachable

The connection could not be restored.

Session expired

The server has moved on; the page needs a fresh start.